 Dungeon Crawl Stone Soup version 0.31-a0-233-g139696dc86 (webtiles) character file.

Game seed: 1032070793820536607

711 innerfire43 the Trooper (level 7, -1/50 HPs)
             Began as a Demonspawn Monk on July 9, 2023.
             Killed from afar by an orc wizard (9 damage)
             ... with a magic dart
             ... on level 5 of the Dungeon.
             The game lasted 00:04:42 (3439 turns).

innerfire43 the Trooper (Demonspawn Monk)           Turns: 3439, Time: 00:04:43

Health: -1/50      AC:  5    Str: 13    XL:     7   Next: 40%
Magic:  9/9        EV: 14    Int: 18    God:
Gold:   219        SH:  0    Dex: 16    Spells: 6/9 levels left

rFire   . . .        a - +0 hand axe
rCold   . . .        d - orb {light}
rNeg    . . .        v - +2 robe "Rome" {Contam rElec Int+7}
rPois   .            (no helmet)
rElec   +            n - +0 cloak
rCorr   .            (no gloves)
SInv    .            (no boots)
Will    +....        (no amulet)
Stlth   +            k - +4 ring of slaying
HPRegen 0.28/turn    (no ring)
MPRegen 0.11/turn

%: no passive effects
@: enlightened, flying, glowing, invisible (but backlit and visible)
A: icemail 2, condensation shield, frail 1, mutation resistance 1, no potion
heal 1
a: no special abilities


You were on level 5 of the Dungeon.
You visited 1 branch of the dungeon, and saw 5 of its levels.

You collected 219 gold pieces.

Inventory:

Hand Weapons
 a - a +0 hand axe (weapon)
Missiles
 w - a throwing net
Armour
 b - a +0 robe
 d - an orb of light (worn)
 n - a +0 cloak (worn)
 r - a +1 robe of cold resistance
 v - the +2 robe "Rome" (worn) {Contam rElec Int+7}
   (You found it on level 3 of the Dungeon)

   Int:       It affects your intelligence (+7).
   rElec:     It insulates you from electricity.
   Contam:    It causes magical contamination when unequipped.
Jewellery
 k - a +4 ring of slaying (left hand)
Scrolls
 e - 6 scrolls of identify {unknown}
 f - a scroll of noise {unknown}
 i - 2 scrolls of amnesia {unknown}
 j - a scroll of vulnerability {unknown}
 m - 2 scrolls of blinking {unknown}
 p - a scroll of fear {unknown}
 s - a scroll of poison {unknown}
Potions
 l - a potion of magic
 o - 5 potions of curing {unknown}
 q - a potion of brilliance {unknown}
 t - a potion of heal wounds {unknown}
 u - a potion of attraction {unknown}
 x - a potion of degeneration {unknown}


   Skills:
 - Level 5.0 Fighting
 + Level 4.7 Axes
 + Level 4.7 Dodging
 * Level 1.6 Spellcasting
 * Level 1.8 Hexes
 * Level 1.8 Summonings


You had 6 spell levels left.
You knew the following spells:

 Your Spells              Type           Power      Damage    Failure   Level
a - Summon Guardian Gole  Hex/Summ       8%         N/A       26%         3

Your spell library contained the following spells:

 Spells                   Type           Power      Damage    Failure   Level
 Freeze                   Ice            4%         1d3       19%         1
 Gell's Gravitas          Tloc           1%         N/A       50%         3
 Manifold Assault         Tloc           1%         N/A       88%         4
 Simulacrum               Ice/Necr       0%         N/A       100%        6
 Orb of Destruction       Conj           0%         9d5       100%        7
 Spellforged Servitor     Conj/Summ      2%         N/A       100%        7


Dungeon Overview and Level Annotations

Branches:
Dungeon (5/15)
 Temple: D:4-7

Altars:


Innate Abilities, Weirdness & Mutations

A meltable icy envelope protects you from harm. (AC +0)
A meltable shield of frost defends you. (SH +0)
You are frail. (-10% HP)
You are somewhat resistant to further mutation.
Potions are less effective at restoring your health.


Message History

* * * LOW HITPOINT WARNING * * *
The jelly is severely wounded.
The jelly hits you but does no damage.
You hit the jelly.
You kill the jelly!
The orc wizard gestures at you while chanting.
The magic dart hits you.
* * * LOW HITPOINT WARNING * * *
The orc wizard completely misses you.
You hit the orc wizard.
The orc wizard is lightly wounded.
The orc wizard hits you with a +0 dagger.
* * * LOW HITPOINT WARNING * * *
You hit the orc wizard.
The orc wizard is lightly wounded.
The orc wizard closely misses you.
You barely miss the orc wizard.
The orc wizard is lightly wounded.
The orc wizard hits you with a +0 dagger.
* * * LOW HITPOINT WARNING * * *
You hit the orc wizard but do no damage.
The orc wizard is lightly wounded.
The orc wizard closely misses you.
You hit the orc wizard.
The orc wizard is moderately wounded.
The orc wizard hits you but does no damage.
You hit the orc wizard.
The orc wizard is heavily wounded.
The orc wizard hits you but does no damage.
You closely miss the orc wizard.
The orc wizard is heavily wounded.
The orc wizard hits you but does no damage.
You hit the orc wizard.
The orc wizard is severely wounded.
The orc wizard hits you but does no damage.
You hit the orc wizard.
The orc wizard is severely wounded.
The orc wizard gestures at you while chanting.
The magic dart hits you!
You die...

#.# #.# #.# #.#
###########.#######
.......<...........
##########.########
#.#############.#
....ooo@........#
#....o######.####
#.... #.# ##.. ###
##


You could see 2 orc wizards and 2 orcs.

Vanquished Creatures
  Sigmund (D:2)
  A black bear (D:4)
  An ogre (D:4)
  An orc priest (D:3)
  A hound (D:4)
  2 jellies
  An iguana (D:2)
  2 orc wizards (D:3)
  7 gnolls
  4 adders
  3 worms
  A dart slug (D:4)
  6 orcs (D:3)
  3 bats
  4 endoplasms
  2 giant cockroaches (D:4)
  5 hobgoblins
  6 jackals
  2 quokkas
  4 ball pythons
  4 frilled lizards (D:1)
  3 goblins (D:1)
  5 kobolds
  4 rats
73 creatures vanquished.

Notes
Turn   | Place    | Note
-------+----------+-------------------------------------------
     0 | D:1      | innerfire43 the Demonspawn Monk began the quest for the
                  | Orb.
     0 | D:1      | Reached XP level 1. HP: 18/18 MP: 1/1
     8 | D:1      | Got the Incunabulum of Shivering Relocation
   195 | D:1      | Gained mutation: A meltable shield of frost defends you.
                  | (SH +0) [demonic ancestry]
   195 | D:1      | Reached XP level 2. HP: 20/24 MP: 2/2
   815 | D:2      | Reached XP level 3. HP: 29/29 MP: 3/3
  1193 | D:2      | Gained mutation: A meltable icy envelope protects you from
                  | harm. (AC +0) [demonic ancestry]
  1193 | D:2      | Reached XP level 4. HP: 31/37 MP: 4/4
  1286 | D:2      | Noticed Sigmund
  1330 | D:2      | Killed Sigmund
  1331 | D:2      | Reached skill level 4 in Fighting
  1331 | D:2      | Reached XP level 5. HP: 32/43 MP: 5/5
  1390 | D:2      | Reached XP level 6. HP: 24/49 MP: 6/6
  2720 | D:3      | Identified the +2 robe "Rome" {Contam rElec Int+7}
  2726 | D:3      | Reached skill level 5 in Fighting
  2780 | D:3      | Learned a level 3 spell: Summon Guardian Golem
  3070 | D:4      | Reached skill level 1 in Spellcasting
  3070 | D:4      | Reached skill level 1 in Hexes
  3070 | D:4      | Reached skill level 1 in Summonings
  3070 | D:4      | Gained mutation: A meltable icy envelope protects you from
                  | harm. (AC +0) [demonic ancestry]
  3070 | D:4      | Reached XP level 7. HP: 37/56 MP: 6/8
  3400 | D:5      | Entered Level 5 of the Dungeon
  3424 | D:5      | Gained mutation: You are frail. (-10% HP) [potion of
                  | mutation]
  3424 | D:5      | Gained mutation: Potions are less effective at restoring
                  | your health. [potion of mutation]
  3424 | D:5      | Gained mutation: You are somewhat resistant to further
                  | mutation. [potion of mutation]
  3439 | D:5      | Killed from afar by an orc wizard

Illustrated notes

Levels and vault maps discovered:
D:1:      ebering_trefoil_twist, layout_loops_cross,
          chequers_serial_rivers_room_b
D:2:      layout_loops_corners, uniq_sigmund
D:3:      layout_loops_ring, lightli_sewer_entry_pipes
D:4:      layout_rooms
D:5:      layout_loops_ring, lexackson_kobold_supper

Skill      XL: |  1  2  3  4  5  6 |
---------------+-------------------+-----
Axes           | 3 4 |  4.7
Dodging        | 3 4 |  4.7
Fighting       | 4 5 |  5.0
Spellcasting   | 1 |  1.6
Hexes          | 1 |  1.8
Summonings     | 1 |  1.8

Action                     |  1- 3 |  4- 6 |  7- 9 || total
---------------------------+-------+-------+-------++-------
  Melee: Hand axe          |    63 |   143 |    23 ||   229
    Use: Potion            |       |     1 |     4 ||     5
   Stab: Sleeping          |       |     2 |       ||     2
 Armour: Robe              |     2 |    37 |     7 ||    46
  Dodge: Dodged            |    35 |    91 |    14 ||   140
  Block: Orb               |     8 |    21 |     1 ||    30

Table legend: (Time is in decaauts)
 A = Elapsed time spent in this place.
 B = Non-inter-level travel time spent in this place.
 C = Inter-level travel time spent in this place.
 D = Time resting spent in this place.
 E = Time spent auto-exploring this place.
 F = Levels seen in this place.
 G = Mean time per level.
                   A        B        C        D        E       F      G
               +--------+--------+--------+--------+--------+-----+--------+
         Total |   3491 |   3277 |    214 |      0 |   2746 |   5 |  698.2 |
       Dungeon |   3491 |   3277 |    214 |      0 |   2746 |   5 |  698.2 |
               +--------+--------+--------+--------+--------+-----+--------+

Top non-repeatable levels by time:
     D:2: 1359 daAuts
     D:3: 922 daAuts
     D:1: 674 daAuts
     D:4: 495 daAuts
     D:5: 39 daAuts
